 Dungeon Crawl Stone Soup version 0.29.0-7-g18a832c13a (webtiles) character file.

Game seed: 16719441279812616776

23952 apoch the Cleaver (level 12, -18/106 HPs)
             Began as a Minotaur Fighter on Aug 30, 2022.
             Was a High Priest of Cheibriados.
             Demolished by an orc knight
             ... wielding a +2 long sword of venom
              (21 damage)
             ... on level 2 of the Orcish Mines on Aug 31, 2022.
             The game lasted 00:30:23 (10225 turns).

apoch the Cleaver (Minotaur Fighter)               Turns: 10225, Time: 00:30:23

Health: -18/106    AC: 16    Str: 38    XL:     12   Next: 76%
Magic:  17/27      EV: 23    Int: 20    God:    Cheibriados [*****.]
Gold:   1196       SH:  7    Dex: 24    Spells: 11/11 levels left

rFire   . . .      SeeInvis +   a - +9 broad axe "Peril" {freeze, MP+9 Int+2}
rCold   . . .      Faith    .   c - +0 buckler
rNeg    . . .      Spirit   .   n - +5 ring mail
rPois   +          Reflect  .   V - +1 hat {SInv}
rElec   .          Harm     .   q - +0 cloak
rCorr   .          Rampage  .   (no gloves)
Will    .....                   L - +0 pair of boots
Stlth   +.........              z - amulet of regeneration
HPRegen 1.07/turn               m - ring of poison resistance
MPRegen 0.20/turn               x - +4 ring of evasion

@: very slow
A: horns 2, retaliatory headbutt
a: Renounce Religion, Bend Time, Temporal Distortion, Slouch, Step From Time


You were on level 2 of the Orcish Mines.
You worshipped Cheibriados.
Cheibriados was extremely pleased with you.
You visited 3 branches of the dungeon, and saw 13 of its levels.
You also visited: Bailey.

You collected 1196 gold pieces.

Inventory:

Hand Weapons
 a - the +9 broad axe "Peril" (weapon) {freeze, MP+9 Int+2}
   (You acquired it on level 8 of the Dungeon)

   It freezes those it strikes, dealing additional cold damage.
   It can also slow down cold-blooded creatures.
   Int:       It affects your intelligence (+2).
   MP:        It affects your magic capacity (+9).
 b - the +9 mace "Hiepp" {flame, rC+ Will- MP+9 Str+4 Dex+2}
   (You found it on level 7 of the Dungeon)

   It burns those it strikes, dealing additional fire damage.
   Str:       It affects your strength (+4).
   Dex:       It affects your dexterity (+2).
   rC:        It protects you from cold.
   MP:        It affects your magic capacity (+9).
   Will:      It decreases your willpower.
 l - a +0 broad axe
 H - a +1 war axe
 Q - a +0 broad axe
Missiles
 k - 51 stones (quivered)
 v - 9 boomerangs
 G - 8 poisoned darts
 O - 6 javelins
Armour
 c - a +0 buckler (worn)
 n - a +5 ring mail (worn)
 q - a +0 cloak (worn)
 L - a +0 pair of boots (worn)
 V - a +1 hat of see invisible (worn)
Jewellery
 f - a ring of protection from cold
 m - a ring of poison resistance (left hand)
 x - a +4 ring of evasion (right hand)
 z - an amulet of regeneration (around neck)
 C - a ring of flight
 J - a ring of willpower
 S - a +6 ring of intelligence
Wands
 u - a wand of polymorph (16)
 A - a wand of roots (18)
 N - a wand of flame (41)
 U - a wand of charming (3)
Scrolls
 j - a scroll of enchant armour
 r - a scroll of amnesia
 s - a scroll of enchant weapon
 y - 2 scrolls of poison
 B - 3 scrolls of fear
 I - a scroll of blinking
 M - 3 scrolls of teleportation
 P - a scroll of identify
 T - a scroll of torment
Potions
 d - a potion of might
 e - a potion of lignification
 g - 2 potions of magic
 h - 4 potions of heal wounds
 i - 5 potions of flight
 o - 4 potions of curing
 p - a potion of berserk rage
 t - a potion of cancellation
 w - 5 potions of brilliance
 D - a potion of mutation
 E - 4 potions of resistance
 F - 2 potions of attraction
 K - a potion of invisibility
 R - a potion of haste


   Skills:
 - Level 10.0 Fighting
 * Level 14.4 Axes
 - Level 10.0 Armour
 - Level 10.0 Dodging
 + Level 8.2 Shields
 * Level 9.8 Invocations


You had 11 spell levels left.
You didn't know any spells.
Your spell library contained the following spells:

 Spells                   Type           Power      Damage    Failure   Level
 Magic Dart               Conj           0%         1d3       30%         1
 Call Imp                 Summ           0%         N/A       41%         2
 Scorch                   Fire           0%         2d5       41%         2
 Static Discharge         Conj/Air       0%         3-3/arc   41%         2
 Dazzling Flash           Conj/Hex       0%         N/A       65%         3
 Mephitic Cloud           Conj/Pois/Air  0%         N/A       65%         3
 Flame Wave               Conj/Fire      0%         2d4       96%         4
 Agony                    Necr           0%         N/A       100%        5
 Lightning Bolt           Conj/Air       0%         1d11      100%        5
 Silence                  Hex/Air        0%         N/A       100%        5
 Summon Cactus Giant      Summ           0%         N/A       100%        6
 Borgnjor's Revivificati  Necr           0%         N/A       100%        8
 Maxwell's Capacitive Co  Air            0%         ∞         100%        8
 Necromutation            Tmut/Necr      0%         N/A       100%        8
 Death's Door             Necr           0%         N/A       100%        9


Dungeon Overview and Level Annotations

Branches:
Dungeon (10/15)            Temple (1/1) D:4             Orc (2/2) D:10
 Bailey (visited)
   Lair: D:8-11         Elf: Orc:2

Altars:
Ashenzari
Cheibriados
Dithmenos
Elyvilon
Fedhas
Gozag
Hepliaklqana
Kikubaaqudgha
Makhleb
Nemelex Xobeh
Okawaru
Qazlal
Ru
Sif Muna
Trog
Uskayaw
Vehumet
Wu Jian
Xom
Yredelemnul
Zin
The Shining One
Jiyva

Shops:
Orc:2 !

Annotations:
D:3 2 transporters


Innate Abilities, Weirdness & Mutations

You have a pair of horns on your head.
You reflexively headbutt those who attack you in melee.


Message History

You kill the ufetubus!
The ufetubus disappears in a puff of smoke!
Cheibriados lowers the support of your attributes as your movement quickens.
The orc warrior misses you. The orc high priest barely misses you.
The orc knight hits you with a +3 great sword!
Activating: Slouch (1% risk of failure)
Press: ? - help, Dir - look around, f - activate You can feel time thicken for a moment.
You kill the orc warrior!
Cheibriados appreciates the change of pace.
You kill the orc sorcerer!
Cheibriados thoroughly appreciates the change of pace.
You kill the chaos spawn!
The chaos spawn degenerates into a cloud of primal chaos!
You kill the orc sorcerer!
Cheibriados appreciates the change of pace.
The ynoxinul disappears in a puff of smoke!
The neqoxec disappears in a puff of smoke!
You kill the orc sorcerer!
Cheibriados appreciates the change of pace.
You kill the orc warrior!
Cheibriados appreciates the change of pace.
Cheibriados lowers the support of your attributes as your movement quickens.
The orc knight roars a battlecry!
The orc knight goes into a battle-frenzy!
The orc knight hits you with a +2 long sword of venom!!
The orc high priest barely misses you.
The orc high priest calls upon Beogh to heal the orc high priest.
The orc high priest is healed somewhat.
The orc high priest misses you.
Unknown command.
You barely miss the orc knight.
You headbutt the orc knight, but do no damage.
The orc knight is heavily wounded.
You barely miss the orc knight. You slash the orc high priest!
You freeze the orc high priest. You completely miss the orc knight.
The orc high priest completely misses you.
The orc knight hits you with a +3 great sword!!
* * * LOW HITPOINT WARNING * * *
The orc knight hits you with a +2 long sword of venom!!
You die...

.............. ##.........#
.............##......####...#.###
...........# #.÷..÷...# ##...##
...........# #§§÷.....# #...#
..)).......###§.§○....# ##.##
.∩.)..))...##..)§§..o.# ###
..))...)..)##.)÷).)÷.÷#
.......#....##)ooo§..#
.......##...####@)o.#
........#....##)o÷..#
........##.....÷..###
.........##......##
..........##...###
...........##### .... ...


You could see 3 orc knights and 3 orc high priests.

Vanquished Creatures
  Josephine (D:10)
  The ghost of Vadun the Blocker, a journeyman MiFi (D:10)
  2 vault guards (Bailey)
  An ogre mage (D:9)
  2 two-headed ogres (D:10)
  A glowing orange brain (D:10)
  Pikel (D:7)
  2 orc knights
  A deep elf zephyrmancer (Orc:1)
  A deep elf pyromancer (Orc:1)
  3 orc sorcerers (Orc:2)
  A cyclops (Orc:2)
  3 trolls
  Prince Ribbit (Bailey)
  3 slime creatures (D:10)
  6 humans (Bailey)
  5 wraiths (D:10)
  3 steam dragons
  Grum (D:8)
  15 yaks
  Menkaure (D:6)
  8 vampire mosquitoes (D:10)
  5 wargs
  14 two-headed ogre zombies (D:9)
  An acid dragon (D:9)
  A water moccasin (D:9)
  4 black bears
  16 orc warriors
  A swamp drake (Orc:1)
  An ice beast (D:5)
  5 ogres
  2 wolves (D:8)
  2 centaurs (D:8)
  9 bullfrogs
  A gnoll sergeant (D:9)
  2 scorpions
  18 wights
  A howler monkey (D:6)
  5 jellies
  5 crimson imps
  An iron imp (Orc:1)
  4 hounds
  10 orc priests
  Crazy Yiuf (D:2)
  2 gnoll boudas
  5 iguanas
  27 orc wizards
  8 adders
  10 gnolls
  2 shadow imps
  5 white imps
  3 worms
  3 dart slugs
  45 orcs
  7 bats
  5 endoplasms
  3 giant cockroaches
  6 goblins
  9 hobgoblins
  4 jackals
  2 quokkas
  9 ball pythons
  A frilled lizard (D:1)
  6 kobolds
  4 rats
338 creatures vanquished.

Vanquished Creatures (others)
  An orc (Orc:1)
  5 plants (D:7)
6 creatures vanquished.

Grand Total: 344 creatures vanquished

Notes
Turn   | Place    | Note
-------+----------+-------------------------------------------
     0 | D:1      | apoch the Minotaur Fighter began the quest for the Orb.
     0 | D:1      | Reached XP level 1. HP: 19/19 MP: 0/0
   260 | D:1      | Reached skill level 3 in Axes
   260 | D:1      | Reached XP level 2. HP: 25/27 MP: 1/1
  1657 | D:2      | Reached XP level 3. HP: 28/33 MP: 2/2
  1766 | D:2      | Reached skill level 4 in Axes
  1963 | D:2      | Found a runed translucent door.
  1964 | D:2      | Noticed Crazy Yiuf
  2121 | D:2      | Killed Crazy Yiuf
  2122 | D:2      | Reached XP level 4. HP: 4/41 MP: 3/3
  2775 | D:3      | Found a transporter.
  2776 | D:3      | Found a transporter.
  2776 | D:3      | Noticed a kobold demonologist
  2860 | D:3      | Found a hazy altar of Hepliaklqana.
  3104 | D:3      | Found a faded altar of an unknown god.
  3685 | D:4      | Noticed an ogre
  3695 | D:3      | Killed an ogre
  3696 | D:3      | Reached skill level 5 in Axes
  3696 | D:3      | Reached XP level 5. HP: 15/47 MP: 4/4
  3969 | D:4      | Reached skill level 5 in Fighting
  3969 | D:4      | Reached skill level 5 in Armour
  3980 | D:4      | Found a shimmering altar of Xom.
  3986 | D:4      | Reached XP level 6. HP: 54/56 MP: 5/5
  4003 | D:4      | Reached skill level 6 in Axes
  4025 | D:4      | Found a staircase to the Ecumenical Temple.
  4047 | Temple   | Entered the Ecumenical Temple
  4240 | Temple   | Became a worshipper of Cheibriados the Contemplative
  4486 | D:4      | Reached skill level 1 in Dodging
  4589 | D:4      | Reached XP level 7. HP: 57/61 MP: 6/6
  4735 | D:4      | Found a glowing silver altar of Zin.
  4739 | D:4      | Found a basalt altar of Yredelemnul.
  4947 | D:5      | Entered Level 5 of the Dungeon
  4952 | D:5      | Found a bloodstained altar of Trog.
  4964 | D:5      | Reached skill level 7 in Axes
  5089 | D:5      | Reached * piety under Cheibriados
  5441 | D:5      | Reached XP level 8. HP: 67/70 MP: 7/7
  5727 | D:6      | Reached skill level 8 in Axes
  5818 | D:6      | Reached ** piety under Cheibriados
  6156 | D:6      | Noticed Menkaure
  6164 | D:6      | Killed Menkaure
  6165 | D:6      | Reached skill level 5 in Dodging
  6331 | D:7      | Identified the +9 mace "Hiepp" {flame, rC+ Will- MP+9 Str+4
                  | Dex+2}
  6348 | D:7      | Reached skill level 9 in Axes
  6388 | D:7      | Noticed Pikel
  6400 | D:7      | Killed Pikel
  6401 | D:7      | Reached skill level 1 in Invocations
  6401 | D:7      | Reached XP level 9. HP: 69/79 MP: 7/9
  6828 | D:8      | Noticed Grum
  6833 | D:8      | Killed Grum
  6998 | D:8      | Identified a scroll of acquirement
  6998 | D:8      | Acquired the +9 broad axe "Peril" {freeze, MP+9 Int+2}
  7007 | D:8      | Reached *** piety under Cheibriados
  7058 | D:8      | Reached skill level 10 in Axes
  7084 | D:8      | Identified the +3 dagger "Lialoilo" {venom, rC+ Will+
                  | Int-3}
  7162 | D:8      | Reached XP level 10. HP: 75/88 MP: 12/12
  7569 | D:9      | Found a broken altar of Ashenzari.
  7694 | D:9      | Reached **** piety under Cheibriados
  8023 | D:9      | Reached skill level 5 in Invocations
  8140 | D:9      | Reached skill level 11 in Axes
  8220 | D:9      | Noticed an ogre mage
  8228 | D:9      | Killed an ogre mage
  8229 | D:9      | Reached skill level 5 in Shields
  8235 | D:9      | Reached XP level 11. HP: 91/95 MP: 14/14
  8412 | D:10     | Entered Level 10 of the Dungeon
  8418 | D:10     | Noticed a two-headed ogre
  8422 | D:10     | Killed a two-headed ogre
  8478 | D:10     | Found a flagged portal.
  8481 | D:10     | Reached ***** piety under Cheibriados
  8492 | Bailey   | Entered a bailey
  8514 | Bailey   | Reached skill level 12 in Axes
  8564 | Bailey   | Noticed a vault guard
  8564 | Bailey   | Noticed Prince Ribbit
  8568 | Bailey   | Killed Prince Ribbit
  8571 | Bailey   | Killed a vault guard
  8603 | Bailey   | Noticed a vault guard
  8612 | Bailey   | Killed a vault guard
  8658 | D:10     | Found a staircase to the Orcish Mines.
  8762 | D:10     | Noticed Josephine
  8766 | D:10     | Reached skill level 10 in Dodging
  8775 | D:10     | Killed Josephine
  8918 | D:10     | Noticed a two-headed ogre
  8921 | D:10     | Killed a two-headed ogre
  8997 | D:10     | Reached XP level 12. HP: 106/106 MP: 16/16
  9146 | D:10     | Reached skill level 13 in Axes
  9171 | D:10     | Found a runed translucent gate.
  9171 | D:10     | Found a runed translucent gate.
  9174 | D:10     | Found a runed translucent gate.
  9174 | D:10     | Noticed Vadun's ghost (journeyman MiFi)
  9177 | D:10     | Found a viscous altar of Jiyva.
  9181 | D:10     | Noticed a two-headed ogre
  9191 | D:10     | Killed Vadun's ghost
  9192 | D:10     | Reached skill level 10 in Fighting
  9192 | D:10     | Reached skill level 10 in Armour
  9320 | Orc:1    | Entered Level 1 of the Orcish Mines
  9805 | Orc:1    | Reached ****** piety under Cheibriados
  9947 | Orc:2    | Entered Level 2 of the Orcish Mines
 10127 | Orc:2    | Found Ofuduorph's Distillery.
 10149 | Orc:2    | Reached skill level 14 in Axes
 10218 | Orc:2    | Noticed an orc high priest
 10218 | Orc:2    | Noticed an orc high priest
 10221 | Orc:2    | Noticed an orc high priest
 10225 | Orc:2    | HP: 3/106 [orc knight/+3 great sword (32)]
 10225 | Orc:2    | Demolished by an orc knight

Illustrated notes

Levels and vault maps discovered:
D:1:      sevenhm_arrival_forest_fort_large_4, layout_basic
D:2:      layout_basic, grunt_ministairs_10, hex_intersection,
          uniq_crazy_yiuf_cottage
D:3:      gammafunk_wand_slinger, layout_basic, mainiacjoe_overflow_alcove_2,
          ebering_ecumenical_altar_abandoned
D:4:      layout_gridville, led_xom_imps, mainiacjoe_overflow_big_doors,
          minmay_temple_entry_waves
D:5:      layout_basic, trog_ov_bears_minmay
D:6:      minmay_flawed_box, layout_rooms, uniq_menkaure
D:7:      layout_basic, serial_glass, glass_columns_a, glass_columns_b,
          serial_bayou_lagoon_a, uniq_pikel
D:8:      layout_loops_cross, uniq_grum
D:9:      lemuel_ogre_cave, layout_stronghold, kennysheep_little_box
D:10:     layout_basic, minmay_orc_entry_guard_dogs, gammafunk_ghost_ooze,
          enter_bailey_4, uniq_josephine
Temple:   lightli_temple_of_artemis
Orc:1:    layout_caves, basic_altar, hangedman_minor_magic
Orc:2:    grunt_orc_tribal_feast, layout_diamond_mine, serial_shops, shop

Skill      XL: |  1  2  3  4  5  6  7  8  9 10 11 12 |
---------------+-------------------------------------+-----
Axes           | 3 4 5 6 7 9 10 11 12 14 | 14.4
Armour         | 4 5 6 7 8 9 10 | 10.0
Fighting       | 4 5 6 7 8 9 10 | 10.0
Dodging        | 1 3 6 7 8 10 | 10.0
Invocations    | 1 4 6 7 9 |  9.8
Shields        | 5 6 8 |  8.2

Action                   |  1- 3 |  4- 6 |  7- 9 | 10-12 || total
-------------------------+-------+-------+-------+-------++-------
Melee: War axe           |    73 |   102 |   170 |       ||   345
       Headbutt          |     7 |    19 |    38 |    76 ||   140
       Broad axe         |       |       |    27 |   343 ||   370
Throw: Stone             |     9 |     3 |       |     4 ||    16
Invok: Slouch            |       |       |       |     2 ||     2
  Use: Scroll            |       |    11 |     4 |     9 ||    24
       Potion            |       |       |       |     1 ||     1
 Stab: Sleeping          |       |       |       |     1 ||     1
Armor: Scale mail        |    26 |       |       |       ||    26
       Ring mail         |     8 |    62 |    89 |    58 ||   217
Dodge: Dodged            |    39 |    53 |   149 |   269 ||   510
Block: Buckler           |    22 |    22 |    34 |    95 ||   173
